 Dungeon Crawl Stone Soup version 0.22.0-25-g7663229ff0 (webtiles) character file.

219 ILYA101 the Skirmisher (level 5, -10/46 HPs)
             Began as a Draconian Fighter on Aug 20, 2018.
             Was an Initiate of the Shining One.
             Killed from afar by an orc wizard (11 damage)
             ... with a puff of flame
             ... on level 3 of the Dungeon.
             The game lasted 00:08:55 (3461 turns).

ILYA101 the Skirmisher (Draconian Fighter)          Turns: 3461, Time: 00:08:56

Health: -10/46     AC:  6    Str: 19    XL:     5   Next: 63%
Magic:  5/5        EV: 11    Int:  8    God:    the Shining One [......]
Gold:   203        SH:  9    Dex: 11    Spells: 4/4 levels left

rFire    . . .     SeeInvis .   j - +0 spear
rCold    . . .     Gourm    .   b - +0 shield
rNeg     . . .     Faith    .   (armour unavailable)
rPois    .         Spirit   .   (helmet restricted)
rElec    .         Reflect  .   k - +0 cloak
rCorr    .         Harm     .   (no gloves)
MR       .....                  (no boots)
Stlth    +.........             (no amulet)
HPRegen  0.15/turn              (no ring)
MPRegen  0.09/turn              (no ring)

@: glowing
A: unfitting armour, cold-blooded, AC +5
a: Renounce Religion


You were on level 3 of the Dungeon.
You worshipped the Shining One.
The Shining One was noncommittal.
You were hungry.

You visited 1 branch of the dungeon, and saw 4 of its levels.

You collected 203 gold pieces.

Inventory:

Hand Weapons
 a - a +0 trident
 j - a +0 spear (weapon)
Armour
 b - a +0 shield (worn)
 k - a +0 cloak (worn)
Jewellery
 h - an uncursed ring of fire {unknown}
 n - a +3 ring of protection {unknown}
Scrolls
 e - a scroll of blinking {unknown}
 g - a scroll of enchant armour {unknown}
 p - a scroll of identify {unknown}
Potions
 c - 3 potions of might
 f - a potion of degeneration {unknown}
 i - 3 potions of lignification {unknown}
 l - 2 potions of curing {unknown}
 m - a potion of magic {unknown}
 o - a potion of mutation {unknown}
 q - a potion of flight {unknown}
 r - a potion of haste {unknown}
Comestibles
 d - 8 rations
 s - 5 chunks of flesh


   Skills:
 + Level 4.1 Fighting
 + Level 3.9 Polearms
 + Level 3.5 Dodging
 + Level 0.6 Stealth
 + Level 3.9 Shields


You had 4 spell levels left.
You didn't know any spells.
Your spell library was empty.

Dungeon Overview and Level Annotations

Branches:
Dungeon (4/15)
 Temple: D:4-7

Altars:
Elyvilon
Hepliaklqana
Ru
Zin
The Shining One


Innate Abilities, Weirdness & Mutations

Your plain brown scales are hard. (AC +5)
You cannot fit into any form of body armour.
You are cold-blooded and may be slowed by cold attacks.


Message History

The orc wizard hits you but does no damage.
You bump into the rock wall.
The orc wizard completely misses you. Something hits you but does no damage.
The orc wizard hits you but does no damage.
You miss the orc wizard.
Your tail-slap misses the orc wizard.
The orc wizard is severely wounded.
You hear some strange, mumbled words.
A puff of flame appears from out of thin air!
The puff of flame hits you!
* * * LOW HITPOINT WARNING * * *
The orc wizard hits you with a dagger.
* * * LOW HITPOINT WARNING * * *
You miss the orc wizard.
The orc wizard is severely wounded.
You feel less confused. The orc wizard barely misses you. Something hits you.
* * * LOW HITPOINT WARNING * * *
The orc wizard gestures at you while chanting.
The puff of flame hits you!
You die...

##### #...# #...##
#####....#
#........#
##################
#........#
#@o...............
#........##
#{###########.....
#...._....#####.#
#.....
#..._8_...##....#
##....
##..._(...##.####
#....
##..........#
#.### ##...#.....#
#..#. #...+<....#
#.... #..##.....#
#....


You could see an orc wizard.

Vanquished Creatures
  An orc priest (D:2)
  A gnoll shaman (D:4)
  A worker ant (D:3)
  4 gnolls
  2 adders
  An ooze (D:1)
  5 dart slugs
  7 orcs
  4 giant cockroaches
  6 hobgoblins
  2 jackals (D:1)
  2 quokkas (D:3)
  6 bats
  4 frilled lizards
  6 goblins
  7 kobolds
  5 rats
64 creatures vanquished.

Notes
Turn   | Place    | Note
-------+----------+-------------------------------------------
     0 | D:1      | ILYA101 the Draconian Fighter began the quest for the Orb.
     0 | D:1      | Reached XP level 1. HP: 19/19 MP: 1/1
   133 | D:1      | Reached XP level 2. HP: 26/26 MP: 2/2
   539 | D:2      | Reached XP level 3. HP: 32/33 MP: 3/3
  1191 | D:2      | Reached XP level 4. HP: 40/40 MP: 4/4
  1768 | D:3      | Found a glowing silver altar of Zin.
  1768 | D:3      | Found a glowing golden altar of the Shining One.
  1779 | D:3      | Found a hazy altar of Hepliaklqana.
  1779 | D:3      | Found a white marble altar of Elyvilon.
  1799 | D:3      | Became a worshipper of the Shining One
  1886 | D:3      | Found a sacrificial altar of Ru.
  2213 | D:3      | Reached XP level 5. HP: 45/46 MP: 5/5
  2513 | D:4      | Reached skill level 4 in Fighting
  2741 | D:3      | The Shining One protects you from harm!
  2751 | D:3      | HP: 1/46 [gnoll (3)]
  3461 | D:3      | HP: 1/46 [something (2)]
  3461 | D:3      | Killed from afar by an orc wizard

Skill      XL: |  1  2  3  4  5 |
---------------+----------------+-----
Dodging        | 3 |  3.5
Polearms       | 3 |  3.9
Fighting       | 4 |  4.1
Stealth        | |  0.6
Shields        | |  3.9

Action                   |  1- 3 |  4- 6 || total
-------------------------+-------+-------++-------
Melee: Trident           |    29 |       ||    29
       Tailslap          |    15 |    32 ||    47
       Spear             |    84 |   202 ||   286
 Stab: Sleeping          |       |     1 ||     1
  Eat: Chunk             |     1 |     7 ||     8
Armor: Skin              |    19 |    41 ||    60
Dodge: Dodged            |    39 |    57 ||    96
Block: Shield            |    49 |    70 ||   119
